 Dungeon Sprint DCSS version 0.31.0-12-g77e489cdc1 (webtiles) character file.

Game seed: 344623223874614786

949 Groucho the Protected (level 8, -2/56 HPs)
             Began as a Gargoyle Fighter on Feb 25, 2024.
             Was a Follower of Qazlal.
             Killed from afar by a ynoxinul (22 damage)
             ... with an iron shot
             ... summoned by a kobold demonologist
             ... in the Dungeon (Sprint IX: "|||||||||||||||||||||||||||||").
             The game lasted 00:01:20 (326 turns).

Groucho the Protected (Gargoyle Fighter)             Turns: 326, Time: 00:01:21

Health: -2/56      AC: 20    Str: 25    XL:     8   Next: 13%
Magic:  7/13       EV:  8    Int: 12    God:    Qazlal [*.....]
Gold:   0          SH:  8    Dex:  9    Spells: 7/7 levels left

rFire   . . .        a - +0 flail
rCold   . . .        c - +0 buckler
rNeg    + . .        o - +1 chain mail
rPois   ∞            (no helmet)
rElec   +            m - +0 cloak
rCorr   .            n - +0 pair of gloves
SInv    .            (no boots)
Will    .....        (no amulet) Stlth
                     b - +3 ring of strength
HPRegen 0.29/turn    p - +3 ring of intelligence
MPRegen 0.13/turn

%: no teleportation
@: mighty
A: sickness immunity, AC +5, negative energy resistance 1, electricity
resistance, torment resistance 1, petrification resistance
a: Renounce Religion


You were in the Dungeon.
You worshipped Qazlal.
Qazlal was aware of your devotion.
You visited 1 branch

Inventory:

Hand Weapons
 a - a +0 flail (weapon)
Armour
 c - a +0 buckler (worn)
 m - a +0 cloak (worn)
 n - a +0 pair of gloves (worn)
 o - a +1 chain mail (worn)
Jewellery
 b - a +3 ring of strength (left hand)
 p - a +3 ring of intelligence (right hand)
Wands
 l - a wand of quicksilver (10)
Scrolls
 j - 2 scrolls of blinking
 k - 2 scrolls of amnesia
Potions
 f - a potion of heal wounds
 h - 4 potions of magic
 i - 4 potions of curing


   Skills:
 + Level 9.5 Fighting
 + Level 8.3 Maces & Flails
 + Level 9.5 Armour
 + Level 9.5 Shields
 + Level 6.9 Invocations


You had 7 spell levels left.
You didn't know any spells.
Your spell library was empty.

Dungeon Overview and Level Annotations

Branches:
Dungeon (1/1)

Altars:
Cheibriados
Dithmenos
Elyvilon
Fedhas
Gozag
Hepliaklqana
Kikubaaqudgha
Makhleb
Nemelex Xobeh
Okawaru
Qazlal
Ru
Sif Muna
Trog
Uskayaw
Vehumet
Wu Jian
Xom
Yredelemnul
Zin
The Shining One
Jiyva
Lugonu


Innate Abilities, Weirdness & Mutations

You are immune to sickness and miasma.
Your stone body is resilient. (AC +5)
You are immune to poison.
You resist negative energy. (rN+)
You are resistant to electric shocks. (rElec)
You are resistant to unholy torment.
You are immune to petrification.


Message History

You feel clever.
You closely miss the killer bee. The killer bee stings you.
You block the killer bee's attack. You block the orc warrior's attack.
Unknown command.
You closely miss the killer bee.
The killer bee stings you but does no damage. x2
The orc warrior hits you but does no damage.
Unknown command.
You sock the killer bee!
The killer bee is severely wounded.
The killer bee stings you but does no damage.
You block the killer bee's attack.
The kobold demonologist gestures wildly while chanting.
The orc warrior closely misses you.
Unknown command.
You closely miss the killer bee.
The killer bee is severely wounded.
The killer bee closely misses you.
The killer bee stings you but does no damage.
You block the orc warrior's attack.
Unknown command.
You miss the killer bee.
The killer bee is severely wounded.
You block the killer bee's attack.
The killer bee stings you but does no damage.
The orc warrior hits you from afar with a +0 halberd.
The kobold demonologist mumbles some strange words.
Unknown command.
You bludgeon the killer bee!!
You kill the killer bee!
Qazlal accepts your kill. You block the orc warrior's attack.
The kobold demonologist gestures wildly while chanting.
The neqoxec gestures at you. Something gnaws on your mind!
You feel your power leaking away.
You closely miss the ynoxinul. The orc warrior barely misses you.
The ynoxinul gestures at you. The iron shot hits you!!
You die...

▓.▓
▓)▓
▓.▓
▓.▓
▓.▓
▓[▓
▓.▓
▓.▓
▓@▓
▓3▓
▓o▓
▓K▓
▓4▓
▓3▓
▓.▓
▓+▓


You could see a kobold demonologist, a neqoxec (summoned), a ynoxinul
(summoned), a red devil (summoned) and an orc warrior.

Vanquished Creatures
  A two-headed ogre (D)
  A yak (D)
  A scorpion (D)
  2 killer bees (D)
  A sleepcap (D)
  An orc wizard (D)
  An ufetubus (D)
  An orc (D)
  A giant cockroach (D)
  2 kobolds (D)
  A ball python (D)
  A frilled lizard (D)
14 creatures vanquished.

Notes
Turn   | Place    | Note
-------+----------+-------------------------------------------
     0 | D        | Groucho the Gargoyle Fighter began the quest for the Orb.
     0 | D        | Reached XP level 1. HP: 14/14 MP: 1/1
    18 | D        | Noticed a scorpion
    18 | D        | Noticed an orc wizard
    18 | D        | Noticed a sleepcap
    25 | D        | Killed a scorpion
    26 | D        | Reached skill level 5 in Fighting
    26 | D        | Reached skill level 5 in Armour
    26 | D        | Reached skill level 5 in Shields
    26 | D        | Reached XP level 2. HP: 20/21 MP: 2/2
    26 | D        | Reached XP level 3. HP: 25/26 MP: 3/3
    26 | D        | Reached XP level 4. HP: 30/31 MP: 4/4
    40 | D        | HP: 1/31 [something/puff of flame (7)]
    49 | D        | Reached skill level 5 in Maces & Flails
    49 | D        | Reached XP level 5. HP: 36/36 MP: 5/5
   196 | D        | Found a snail-covered altar of Cheibriados.
   196 | D        | Found a shadowy altar of Dithmenos.
   196 | D        | Found a white marble altar of Elyvilon.
   196 | D        | Found a blossoming altar of Fedhas.
   196 | D        | Found an opulent altar of Gozag.
   197 | D        | Found a hazy altar of Hepliaklqana.
   198 | D        | Found a viscous altar of Jiyva.
   199 | D        | Found an ancient bone altar of Kikubaaqudgha.
   200 | D        | Found a corrupted altar of Lugonu.
   201 | D        | Found a burning altar of Makhleb.
   202 | D        | Found a sparkling altar of Nemelex Xobeh.
   203 | D        | Found an iron altar of Okawaru.
   204 | D        | Found a stormy altar of Qazlal.
   205 | D        | Found a sacrificial altar of Ru.
   206 | D        | Found a shimmering blue altar of Sif Muna.
   207 | D        | Found a bloodstained altar of Trog.
   208 | D        | Found a hide-covered altar of Uskayaw.
   209 | D        | Found a radiant altar of Vehumet.
   210 | D        | Found an ornate altar of the Wu Jian Council.
   211 | D        | Found a shimmering altar of Xom.
   212 | D        | Became a worshipper of Qazlal Stormbringer
   213 | D        | Found a basalt altar of Yredelemnul.
   214 | D        | Found a glowing silver altar of Zin.
   215 | D        | Found a glowing golden altar of the Shining One.
   267 | D        | Noticed a two-headed ogre
   267 | D        | Noticed a yak
   267 | D        | Noticed an orc warrior
   267 | D        | Noticed a kobold demonologist
   293 | D        | Killed a two-headed ogre
   294 | D        | Reached XP level 6. HP: 22/46 MP: 6/10
   294 | D        | Reached XP level 7. HP: 25/51 MP: 6/11
   306 | D        | Noticed a red devil
   319 | D        | Killed a yak
   319 | D        | Reached * piety under Qazlal
   320 | D        | Reached XP level 8. HP: 33/56 MP: 8/13
   326 | D        | Noticed a ynoxinul
   326 | D        | Killed from afar by a ynoxinul

Illustrated notes

Levels and vault maps discovered:
D:        linesprint [early_d, line_temple, items_1, d_10, items_2, lair_1,
          lair_end, items_3, orc_1, orc_end, items_4, d_15, swamp_1, shoals_1,
          snake_1, spider_1, d_20, vaults_1, items_5, swamp_end, shoals_end,
          snake_end, spider_end, vaults_end, d_27, items_6, zot_1, zot_end,
          crypt_end, forest_end, elf_end, slime_end, tomb_end, abyss_end,
          pan_hell_end]

Skill      XL: |  1  2  3  4  5 |
---------------+----------------+-----
Fighting       | 5 6 9 |  9.5
Maces & Flails | 4 5 8 |  8.3
Armour         | 5 6 9 |  9.5
Shields        | 5 6 9 |  9.5
Invocations    | 6 |  6.9

Action                     |  1- 3 |  4- 6 |  7- 9 || total
---------------------------+-------+-------+-------++-------
  Melee: Flail             |    15 |    42 |    30 ||    87
    Use: Potion            |       |     5 |     2 ||     7
   Stab: Invisible         |       |     3 |       ||     3
 Armour: Scale mail        |     6 |    20 |       ||    26
         Chain mail        |       |     8 |    19 ||    27
  Dodge: Dodged            |     6 |    12 |     6 ||    24
  Block: Buckler           |     5 |     4 |    10 ||    19
